 Dungeon Crawl Stone Soup version 0.23-a0-639-ga9a3373214 (webtiles) character file.

548662 rinny the Axe Maniac (level 26, 0/232 HPs)
             Began as a Hill Orc Monk on Dec 29, 2018.
             Was a High Priest of Beogh.
             Killed from afar by an orb of fire (3 damage)
             ... with a bolt of fire
             ... on level 4 of the Realm of Zot.
             The game lasted 05:46:07 (73775 turns).

rinny the Axe Maniac (Hill Orc Monk)               Turns: 73775, Time: 05:46:08

Health: 0/232      AC: 36    Str: 21    XL:     26   Next: 23%
Magic:  29/29      EV:  9    Int: 17    God:    Beogh [*****.]
Gold:   2380       SH: 24    Dex: 15    Spells: 25/25 levels left

rFire    + + +     SeeInvis +   Z - +9 broad axe (vamp)
rCold    + . .     Gourm    .   X - +5 shield {rPois}
rNeg     . . .     Faith    .   I - +11 plate armour of the Cockatrice {*Contam MP+9 Str+4}
rPois    +         Spirit   .   C - +1 helmet {SInv}
rElec    .         Reflect  +   r - scarf {cloud immunity}
rCorr    +         Harm     .   x - +2 pair of gloves
MR       +....     Rnd*Rage +   H - +1 pair of boots of the Untouchables {rC+ Int+2}
Stlth    ..........             M - +2 amulet of reflection
HPRegen  0.48/turn              V - ring of Rugg {+Fly rF+++ MR- Str-5 Int+5}
MPRegen  0.21/turn              Y - ring "Meafoluf" {rCorr MR+}

@: slowed, very slow
A: walk on water, agile 1, berserk 1, blurry vision 3, deformed body,
deterioration 1, frail 1, low mp 1, screaming 1, weak 2, subdued magic 1
}: 3/15 runes: serpentine, barnacled, silver
a: Smiting, Recall Orcish Followers, Give Item to Named Follower, Renounce
Religion, Evoke Flight


You were on level 4 of the Realm of Zot.
You worshipped Beogh.
Beogh was extremely pleased with you.
You were not hungry.

You visited 8 branches of the dungeon, and saw 46 of its levels.
You also visited: Ossuary, Bailey and Volcano.

You collected 6749 gold pieces.
You spent 4369 gold pieces at shops.

Inventory:

Hand Weapons
 a - a +4 scimitar of flaming
 B - the +6 hand axe of Indomitability {drain, MR+ Stlth+}
   (You found it on level 2 of the Depths)

   A truly terrible weapon, it drains the life of those it strikes.
   It affects your resistance to hostile enchantments.
   It makes you more stealthy.
 Z - a +9 vampiric broad axe (weapon)
Missiles
 D - 5 throwing nets (quivered)
 L - 6 large rocks
Armour
 r - a scarf of cloud immunity (worn)
 x - a +2 pair of gloves (worn)
 A - the +5 ring mail of Surprise {rPois}
   (You found it on level 2 of the Depths)

   It protects you from poison.
 C - a +1 helmet of see invisible (worn)
 F - +0 gold dragon scales
 H - the +1 pair of boots of the Untouchables (worn) {rC+ Int+2}
   (You bought it in a shop on level 10 of the Dungeon)

   It affects your intelligence (+2).
   It protects you from cold.
 I - the +11 plate armour of the Cockatrice (worn) {*Contam MP+9 Str+4}
   (You found it on level 5 of the Dungeon)

   It affects your strength (+4).
   It affects your magic capacity (+9).
   It causes magical contamination when unequipped.
 K - the +3 scale mail "Rikkoim" {+Blink rCorr Dex-5}
   (You took it off a vault warden on level 5 of the Vaults)

   It affects your dexterity (-5).
   It lets you blink.
   It provides partial protection from all sources of acid and corrosion.
 X - a +5 shield of poison resistance (worn)
Jewellery
 f - the ring of Sain {rElec rC- Slay+5 SInv}
   (You found it on level 1 of the Depths)

   [ring of see invisible]

   It affects your accuracy and damage with ranged weapons and melee attacks
   (+5).
   It makes you vulnerable to cold.
   It insulates you from electricity.
   It lets you see invisible.
 k - an uncursed ring of see invisible
 l - an uncursed ring of protection from fire
 q - the ring of Surprise {+Fly rElec rPois}
   (You found it on level 2 of the Depths)

   [ring of flight]

   It insulates you from electricity.
   It protects you from poison.
   It lets you fly.
 t - a +3 ring of strength
 J - a +4 ring of intelligence
 M - a +2 amulet of reflection (around neck)
 N - a +4 ring of slaying
 O - a +5 ring of dexterity
 Q - the amulet of Vuixt {Harm *Drain +Inv Int-2 Dex+4}
   (You acquired it on level 2 of the Realm of Zot)

   [amulet of harm]

   It increases damage dealt and taken.
   It affects your intelligence (-2).
   It affects your dexterity (+4).
   It lets you turn invisible.
   It causes draining when unequipped.
 T - an uncursed ring of magical power
 V - the ring of Rugg (left hand) {+Fly rF+++ MR- Str-5 Int+5}
   (You found it on level 2 of the Depths)

   [ring of flight]

   It affects your strength (-5).
   It affects your intelligence (+5).
   It renders you almost immune to fire.
   It affects your resistance to hostile enchantments.
   It lets you fly.
 Y - the ring "Meafoluf" (right hand) {rCorr MR+}
   (You bought it in a shop on level 1 of the Snake Pit)

   [ring of resist corrosion]

   It affects your resistance to hostile enchantments.
Wands
 E - a wand of disintegration (43)
 U - a wand of digging (25)
Scrolls
 b - 8 scrolls of identify
 g - 2 scrolls of fog
 j - 2 scrolls of silence
 m - 18 scrolls of teleportation
 n - 2 scrolls of holy word
 o - 3 scrolls of fear
 p - 25 scrolls of remove curse
 v - a scroll of blinking
 y - 9 scrolls of magic mapping
 z - 12 scrolls of amnesia
Potions
 d - 9 potions of flight
 e - 5 potions of agility
 h - 2 potions of haste
 i - 2 potions of invisibility
 s - a potion of ambrosia
 u - 11 potions of curing
 w - 4 potions of resistance
 P - a potion of brilliance
 R - 2 potions of berserk rage
 S - 6 potions of cancellation
Comestibles
 c - 37 rations


   Skills:
 + Level 25.1 Fighting
 O Level 27 Axes
 + Level 23.2 Armour
 - Level 2.4 Dodging
 - Level 1.5 Stealth
 + Level 23.2 Shields


You had 25 spell levels left.
You didn't know any spells.
Your spell library contained the following spells:

 Spells                   Type           Power        Failure   Level  Hunger
 Animate Skeleton         Necr           N/A          73%         1    ##.....
 Apportation              Tloc           #.....       73%         1    ##.....
 Beastly Appendage        Tmut           #.....       73%         1    ##.....
 Confusing Touch          Hex            #.....       73%         1    ##.....
 Corona                   Hex            #......      73%         1    ##.....
 Flame Tongue             Conj/Fire      #....        73%         1    ##.....
 Infusion                 Chrm           #...         73%         1    ##.....
 Magic Dart               Conj           #...         73%         1    ##.....
 Pain                     Necr           #...         73%         1    ##.....
 Shock                    Conj/Air       #...         73%         1    ##.....
 Summon Butterflies       Summ           #.......     73%         1    ##.....
 Blink                    Tloc           N/A          86%         2    ###....
 Corpse Rot               Necr           N/A          86%         2    ###....
 Ensorcelled Hibernation  Hex/Ice        #.....       86%         2    ###....
 Passwall                 Tmut/Erth      #.......     86%         2    ###....
 Poisonous Vapours        Pois/Air       #.....       86%         2    ###....
 Searing Ray              Conj           #.....       86%         2    ###....
 Shroud of Golubria       Chrm/Tloc      #.........   86%         2    ###....
 Song of Slaying          Chrm           #.......     86%         2    ###....
 Sticks to Snakes         Tmut           #.......     86%         2    ###....
 Sublimation of Blood     Necr           #.........   86%         2    ###....
 Swiftness                Chrm/Air       #.......     86%         2    ###....
 Confuse                  Hex            #.......     98%         3    ####...
 Conjure Flame            Conj/Fire      #.......     98%         3    ####...
 Dazzling Spray           Conj/Hex       #.....       98%         3    ####...
 Gell's Gravitas          Tloc           #.........   98%         3    ####...
 Ignite Poison            Fire/Tmut/Pois #.......     98%         3    ####...
 Lesser Beckoning         Tloc           #.........   98%         3    ####...
 Mephitic Cloud           Conj/Pois/Air  #.......     98%         3    ####...
 Regeneration             Chrm/Necr      #.........   98%         3    ####...
 Spectral Weapon          Hex/Chrm       #.......     98%         3    ####...
 Spider Form              Tmut/Pois      #.........   98%         3    ####...
 Stone Arrow              Conj/Erth      #.....       98%         3    ####...
 Teleport Other           Tloc           #.......     98%         3    ####...
 Tukima's Dance           Hex            #.......     98%         3    ####...
 Vampiric Draining        Necr           #.........   98%         3    ####...
 Airstrike                Air            #.........   100%        4    #####..
 Animate Dead             Necr           N/A          100%        4    #####..
 Cause Fear               Hex            #.........   100%        4    #####..
 Force Lance              Conj/Tloc      #.......     100%        4    #####..
 Fulminant Prism          Conj/Hex       #.........   100%        4    #####..
 Ice Form                 Ice/Tmut       #.......     100%        4    #####..
 Iskenderun's Mystic Bla  Conj           #.......     100%        4    #####..
 Leda's Liquefaction      Hex/Erth       #.........   100%        4    #####..
 Passage of Golubria      Tloc           N/A          100%        4    #####..
 Petrify                  Tmut/Erth      #.......     100%        4    #####..
 Summon Lightning Spire   Summ/Air       #.......     100%        4    #####..
 Alistair's Intoxication  Tmut/Pois      #.......     100%        5    ######.
 Blade Hands              Tmut           #.........   100%        5    ######.
 Irradiate                Conj/Tmut      #.........   100%        5    ######.
 Lee's Rapid Deconstruct  Erth           #.........   100%        5    ######.
 Metabolic Englaciation   Hex/Ice        #.........   100%        5    ######.
 Silence                  Hex/Air        #.........   100%        5    ######.
 Summon Forest            Summ/Tloc      #.........   100%        5    ######.
 Yara's Violent Unravell  Hex/Tmut       #.........   100%        5    ######.
 Bolt of Fire             Conj/Fire      #.........   100%        6    #######
 Conjure Ball Lightning   Conj/Air       #.........   100%        6    #######
 Darkness                 Hex            #.........   100%        6    #######
 Deflect Missiles         Chrm/Air       #.........   100%        6    #######
 Freezing Cloud           Conj/Ice/Air   #.........   100%        6    #######
 Hydra Form               Tmut           #.........   100%        6    #######
 Invisibility             Hex            #.......     100%        6    #######
 Statue Form              Tmut/Erth      #........    100%        6    #######
 Dragon Form              Tmut           #.........   100%        7    #######
 Malign Gateway           Summ/Tloc      #.........   100%        7    #######
 Monstrous Menagerie      Summ           #.........   100%        7    #######
 Ring of Flames           Chrm/Fire      #.........   100%        7    #######
 Summon Greater Demon     Summ           #.........   100%        7    #######
 Summon Hydra             Summ           #.........   100%        7    #######
 Discord                  Hex            #.........   100%        8    #######
 Summon Horrible Things   Summ           #.........   100%        8    #######
 Dragon's Call            Summ           #.........   100%        9    #######
 Tornado                  Air            #.........   100%        9    #######


Dungeon Overview and Level Annotations

Branches:
Dungeon (15/15)            Temple (0/1) D:5            Lair (6/6) D:9
 Shoals (4/4) Lair:2        Snake (4/4) Lair:4        Slime (0/5) Lair:5
    Orc (2/2) D:10         Vaults (5/5) D:14          Crypt (0/3) Vaults:3
 Depths (5/5) D:15            Zot (5/5) Depths:5
    Elf: Orc:2

Altars:
Cheibriados
Dithmenos
Kikubaaqudgha
Nemelex Xobeh
Qazlal
Sif Muna
Trog
Vehumet
Wu Jian
Yredelemnul
Beogh

Shops:
D:7 *   D:10 ([(   D:15 :   Orc:1 [   Orc:2 !:   Shoals:1 %   Shoals:2 *
Snake:1 }}=!   Vaults:1 %   Depths:1 *

Portals:
Hell: Depths:1 Depths:2 Depths:3 Depths:4 Depths:5
Abyss: Depths:1 Depths:4 Depths:5
Pandemonium: Depths:3 Depths:5
Ziggurat: Depths:2

Annotations:
Lair:5 exclusion: oklob plant
Snake:3 3 runed doors, HereIgoKillingAgain's ghost, journeyman HOFi
Vaults:3 2 runed doors, btonasse's ghost, adept KoSu
Depths:2 Saint Roka
Depths:5 5 runed doors


Innate Abilities, Weirdness & Mutations

You can walk on water.
You are agile. (Dex +2)
You tend to lose your temper in combat.
Scrolls take you much longer to read.
Armour fits poorly on your strangely shaped body.
Your body sometimes deteriorates upon taking damage.
You are frail. (-10% HP)
Your magical capacity is low. (-10% MP)
You occasionally shout uncontrollably at your foes.
You are very weak. (Str -4)
Your spells are a little easier to cast, but a little less powerful.


Message History

t - Shout!
Orders for allies: a - Attack new target. r - Retreat! s - Stop attacking. g - Guard the area. f - Follow me.
Anything else - Cancel.
Retreat in which direction?
Press: ? - help, Dir - move target cursor, f - you
Okay, then.
Really read with blurry vision while enemies are nearby?
The orb of fire glows bright magenta.
The bolt of fire misses you.
You begin reading the scroll.
You continue reading the scroll.
The orb of fire glows deep purple.
The fireball explodes!
The fireball engulfs you! You resist.
* * * LOW HITPOINT WARNING * * *
The fireball engulfs the orb of fire.
The orb of fire completely resists.
The fireball engulfs the orb of fire.
The orb of fire completely resists.
The orb of fire emits a lurid red light.
The bolt of fire hits you! You resist.
You die...

#oo.....# #.......#
#....#### ...#.†..#
...#....# .: #....## .
#.....#
#######################
..............z*@..#..#
...............*...#.>#
################''##..#
....8....8.[..8.)).#..#
..........))..([[..'..#
))..........)...)..'.>#
.)((.......)...(.).'..#
....8....8....8)().#..#
################('##..#


You could see 2 orbs of fire and a death cob.

Vanquished Creatures
  An orb of fire (Zot:4)
  3 ancient liches
  Saint Roka (Depths:2)
  Sojobo (Depths:2)
  A caustic shrike (Depths:3)
  Nikola (Shoals:2)
  A Killer Klown (Zot:5)
  3 golden dragons
  7 tentacled monstrosities
  3 Orb Guardians (Zot:5)
  A quicksilver dragon (Zot:4)
  2 death cobs
  4 liches
  2 titans (Depths:4)
  A kraken (Shoals:4)
  2 sphinxes
  5 storm dragons
  Frances (Shoals:2)
  7 shadow dragons
  7 nagarajas
  5 tengu reavers
  A draconian monk (Zot:1)
  3 frost giants
  An iron dragon (Depths:3)
  A deep elf sorcerer (Vaults:4)
  7 fire giants
  3 draconian knights
  9 vault wardens
  4 draconian scorchers
  A draconian shifter (Zot:1)
  2 draconian stormcallers (Zot:3)
  8 ironheart preservers
  5 draconian annihilators
  15 stone giants
  A spriggan defender (Depths:4)
  An entropy weaver (Vaults:4)
  7 very ugly things
  4 green draconians
  2 deep elf demonologists
  3 black draconians
  7 red draconians
  A vampire knight (Depths:3)
  Azrael (Snake:2)
  4 purple draconians
  A deep elf annihilator (Vaults:1)
  4 white draconians
  A spark wasp (Depths:2)
  3 yellow draconians
  2 deep elf death magi
  A merfolk javelineer (Shoals:3)
  2 blizzard demons
  8 ettins
  The ghost of Qiytyrch the Blocker, a journeyman GnFi of Okawaru (Lair:1)
  Snorg (D:14)
  A merfolk impaler (Shoals:4)
  5 fire dragons
  15 ogre magi
  A deep elf high priest (Vaults:5)
  16 vault guards
  5 yaktaur captains
  4 great orbs of eyes
  9 ice dragons
  10 naga warriors
  A catoblepas (D:13)
  Erica (Lair:2)
  5 rakshasas
  6 anacondas
  3 death knights
  3 centaur warriors
  5 merfolk avatars
  3 merfolk aquamancers
  39 two-headed ogres
  3 tengu warriors
  3 spriggan berserkers
  3 satyrs
  10 shock serpents
  2 deep troll shamans
  10 naga sharpshooters
  A titan zombie (Depths:3)
  A death yak (Lair:3)
  3 deep troll earth magi
  An orc high priest (Orc:2)
  A sixfirhy (Depths:3)
  6 hell knights
  3 iron trolls
  A fire crab (Volcano)
  4 skeletal warriors
  A shadow wraith (Vaults:3)
  4 salamander mystics
  A deep troll (shapeshifter) (Vaults:1)
  A glowing orange brain (shapeshifter) (Vaults:4)
  4 sea snakes
  8 deep trolls
  6 naga ritualists
  An unseen horror (D:14)
  4 flayed ghosts
  6 ironbrand convokers
  2 glowing orange brains
  5 orc knights
  2 phantasmal warriors
  A harpy (shapeshifter) (Depths:3)
  A lindwurm (Volcano)
  6 necromancers
  4 wizards
  4 mana vipers
  8 deep elf magi
  8 harpies
  5 fauns
  A tengu skeleton (Depths:3)
  10 manticores
  2 orc sorcerers
  29 ugly things
  2 wolf spiders
  9 salamanders
  A frost giant zombie (Depths:3)
  A stone giant zombie (Depths:1)
  14 moths of wrath
  10 merfolk sirens
  2 black mambas (shapeshifter)
  4 elephants
  4 cyclopes
  A fire giant zombie (Depths:1)
  34 black mambas
  4 water nymphs
  3 guardian serpents
  3 vault sentinels
  5 spiny frogs
  12 naga magi
  A centaur skeleton (D:15)
  2 kobold demonologists (Bailey)
  A komodo dragon (shapeshifter) (Vaults:1)
  21 yaktaurs
  2 efreet
  5 komodo dragons
  5 freezing wraiths
  An entropy weaver simulacrum (Vaults:1)
  3 tengu conjurers
  An elf skeleton (Depths:3)
  A spriggan skeleton (Depths:1)
  A meliai (shapeshifter) (D:15)
  A tengu simulacrum (Vaults:2)
  A queen bee (D:13)
  2 trolls
  A polar bear (Lair:6)
  8 merfolk
  10 hornets
  2 wind drakes
  3 hippogriffs
  2 tyrant leeches (Depths:1)
  A jumping spider (Vaults:4)
  13 slime creatures
  2 snapping turtles
  9 dream sheep
  2 blink frogs (Lair:3)
  A blink frog (shapeshifter) (Vaults:1)
  9 water elementals
  A centaur simulacrum (D:15)
  A slime creature (shapeshifter) (Depths:2)
  A redback (shapeshifter) (D:15)
  12 spriggans
  A tarantella (shapeshifter) (Depths:2)
  A ynoxinul (Depths:3)
  24 yaks
  A wyvern (D:5)
  A human (shapeshifter) (Vaults:2)
  A wraith (Depths:2)
  7 fire bats (Volcano)
  A hog (shapeshifter) (Vaults:3)
  2 basilisks
  4 fire elementals (Snake:2)
  A neqoxec (Depths:3)
  2 vampire mosquitoes (D:15)
  A golden eye (shapeshifter) (Vaults:2)
  A steam dragon (Volcano)
  2 chaos spawn (Depths:5)
  3 wargs
  A hungry ghost (D:12)
  A soldier ant (shapeshifter) (D:15)
  48 nagas
  A floating eye (Depths:2)
  4 water moccasins
  4 hell hounds
  10 porcupines
  2 sky beasts
  2 ice beasts
  A black bear (shapeshifter) (D:15)
  15 orc warriors
  2 black bears (Lair:6)
  An eye of draining (shapeshifter) (Vaults:5)
  41 ogres
  A phantom (D:6)
  7 wolves (Lair:6)
  13 boggarts
  10 centaurs
  7 crocodiles
  4 big kobolds
  2 earth elementals (Depths:1)
  5 bullfrogs
  2 water moccasin zombies
  11 scorpions
  8 killer bees
  10 wights
  A howler monkey (D:5)
  4 electric eels (Bailey)
  4 centaur zombies (Ossuary)
  5 crimson imps
  2 quasits
  4 orc priests
  4 jellies
  5 hounds
  A bullfrog skeleton (D:9)
  2 human zombies (Ossuary)
  An iron imp (Depths:3)
  3 iguanas (Lair:2)
  10 orc wizards
  10 worker ants
  A killer bee zombie (D:6)
  3 hound skeletons
  3 mummies (Ossuary)
  A worker ant zombie (D:8)
  7 gnolls
  3 scorpion zombies (Ossuary)
  9 adders
  4 shadow imps
  2 white imps (Depths:3)
  3 ufetubi (Depths:3)
  An adder skeleton (D:6)
  4 worms
  5 leopard geckos
  11 orcs
  5 giant cockroaches
  16 goblins
  18 hobgoblins
  10 jackals
  7 quokkas
  4 ball pythons
  11 bats
  8 frilled lizards
  A gnoll zombie (Ossuary)
  5 goblin zombies (Ossuary)
  2 hobgoblin zombies (Ossuary)
  22 kobolds
  2 kobold zombies (Ossuary)
  2 leopard gecko skeletons
  A quokka skeleton (D:4)
  9 rats
  A crawling corpse (Vaults:5)
  3 fungi
  8 plants
  A tentacle (Shoals:4)
1232 creatures vanquished.

Vanquished Creatures (collateral kills)
  2 orbs of fire
  A juggernaut (Depths:3)
  Xtahua (Vaults:3)
  Margery (Vaults:3)
  A curse toe (Zot:4)
  8 golden dragons
  2 large abominations (Vaults:5)
  2 bone dragons (Depths:5)
  3 liches
  8 tentacled monstrosities
  4 Orb Guardians (Zot:5)
  Asterion (Vaults:2)
  3 titans
  5 quicksilver dragons
  2 sphinxes
  5 death cobs
  8 storm dragons
  3 draconian monks
  8 shadow dragons
  8 tengu reavers
  Roxanne (Shoals:2)
  Ilsuiw (Shoals:4)
  6 fire giants
  3 nagarajas (Snake:4)
  2 draconian knights
  5 frost giants
  A curse skull (Vaults:3)
  3 vault wardens
  A deep elf sorcerer (Vaults:2)
  A draconian scorcher (Zot:2)
  The ghost of P0WERM0DE the Champion of Chaos, a journeyman DDFi of Makhleb (Lair:6)
  5 draconian shifters
  2 spriggan defenders (Depths:3)
  3 draconian annihilators
  A war gargoyle (Vaults:5)
  4 draconian stormcallers
  An entropy weaver (Vaults:5)
  2 vampire knights
  14 very ugly things
  13 ironheart preservers
  17 stone giants
  2 deep elf demonologists
  2 red draconians
  9 black draconians
  9 green draconians
  6 spark wasps
  2 deep elf annihilators (Vaults:5)
  6 white draconians
  9 yellow draconians
  6 purple draconians
  10 ettins
  Josephine (Orc:1)
  A crystal guardian (Vaults:4)
  4 merfolk javelineers (Shoals:4)
  An eidolon (Vaults:3)
  4 merfolk impalers
  2 deep elf death magi
  4 yaktaur captains
  10 fire dragons
  2 great orbs of eyes
  A deep elf high priest (Vaults:5)
  6 ice dragons
  22 vault guards
  3 rakshasas
  9 hydras
  An alligator snapping turtle (Shoals:4)
  A spriggan air mage (Depths:3)
  A naga warrior (Snake:4)
  7 ogre magi
  An anaconda (Snake:4)
  26 two-headed ogres
  2 merfolk avatars
  8 centaur warriors
  12 merfolk aquamancers
  The ghost of Otyuwk the Destroyer, a journeyman DECj of Sif Muna (Lair:2)
  2 small abominations (Vaults:5)
  A vampire mage (Depths:2)
  3 deep troll shamans
  3 tengu warriors
  A satyr (Shoals:4)
  9 death yaks
  3 spriggan berserkers (Depths:2)
  An orc high priest (Orc:2)
  Sonja (D:13)
  2 deep elf knights
  3 naga sharpshooters
  10 iron trolls
  A salamander mystic (Depths:4)
  3 skeletal warriors
  4 hell knights
  2 unseen horrors (D:13)
  5 sea snakes
  A glowing orange brain (Vaults:5)
  An infernal demonspawn (Depths:5)
  14 deep trolls
  2 deep elf archers
  A flayed ghost (Vaults:3)
  6 ironbrand convokers
  A swamp dragon (shapeshifter) (Depths:4)
  10 harpies
  2 phantasmal warriors (Vaults:5)
  2 necromancers
  7 orc knights
  A harpy (shapeshifter) (D:15)
  4 lindwurms (Lair:4)
  A mana viper (Snake:4)
  5 salamanders
  4 manticores
  20 ugly things
  8 deep elf magi
  An elephant (shapeshifter) (Depths:1)
  6 fauns
  3 cyclopes
  8 elephants
  A rust devil (Depths:5)
  8 moths of wrath
  A black mamba (Snake:4)
  4 merfolk sirens
  3 naga magi (Snake:4)
  3 guardian serpents
  5 vault sentinels
  9 spiny frogs
  A centaur skeleton (D:11)
  2 water nymphs
  A torpor snail (Lair:6)
  5 freezing wraiths
  2 efreet (Zot:4)
  34 yaktaurs
  9 komodo dragons
  A rime drake (shapeshifter) (Vaults:4)
  A jumping spider (Vaults:4)
  2 merfolk (shapeshifter)
  11 trolls
  2 tyrant leeches (Depths:1)
  19 merfolk
  A tengu conjurer (Depths:5)
  A queen bee (shapeshifter) (Depths:4)
  Prince Ribbit (Lair:2)
  A tyrant leech (shapeshifter) (Depths:3)
  A red devil (Depths:3)
  4 hornets
  2 polar bears (Lair:6)
  4 wind drakes
  A snapping turtle (Shoals:3)
  7 blink frogs
  13 slime creatures
  A deep troll zombie (Depths:1)
  5 dream sheep
  6 hippogriffs
  7 spriggans (Lair:6)
  A tarantella (Vaults:5)
  A spriggan skeleton (Depths:1)
  A stone giant simulacrum (Vaults:2)
  6 wraiths
  A tarantella (shapeshifter) (Vaults:1)
  5 basilisks
  9 water elementals
  2 wyverns
  17 yaks
  A vampire mosquito (D:15)
  A basilisk (shapeshifter) (Vaults:1)
  3 nagas
  A soldier ant (D:15)
  7 wargs
  10 water moccasins
  A soldier ant (shapeshifter) (Vaults:1)
  An acid dragon (shapeshifter) (Vaults:3)
  A hell hound (Lair:5)
  3 porcupines
  A floating eye (Depths:2)
  3 ice beasts
  2 sky beasts
  11 orc warriors
  A black bear (Lair:6)
  An eye of draining (shapeshifter) (Depths:2)
  A black bear (shapeshifter) (Vaults:1)
  17 ogres
  A phantom (D:7)
  10 boggarts
  13 wolves (Lair:6)
  5 centaurs
  A crocodile (shapeshifter) (Vaults:5)
  2 big kobolds
  4 crocodiles
  5 bullfrogs
  A wyvern zombie (D:9)
  2 earth elementals (Depths:1)
  2 scorpions (D:12)
  14 killer bees
  A wight (D:14)
  2 electric eels
  3 howler monkeys (D:11)
  4 crimson imps
  2 centaur zombies
  3 quasits
  3 orc priests
  A hound (D:13)
  A jelly (D:15)
  7 orc wizards
  An iron imp (Depths:3)
  3 iguanas (Lair:2)
  2 gnolls (Bailey)
  An adder (D:9)
  2 shadow imps
  24 orcs
  A ball python (D:7)
  8 goblins
  3 hobgoblins (Bailey)
  12 kobolds
  A quokka skeleton (D:9)
  A bush (Lair:5)
  4 crawling corpses (Vaults:5)
  47 fungi
  164 plants
  A withered plant (D:13)
1166 creatures vanquished.

Vanquished Creatures (others)
  13 orc warlords
  A fire giant (Vaults:2)
  A draconian scorcher (Zot:4)
  A draconian stormcaller (Zot:1)
  3 orc sorcerers
  2 yaktaur captains
  A vault guard (Vaults:5)
  A two-headed ogre (Zot:4)
  An orc high priest (Shoals:4)
  A spriggan berserker (Depths:3)
  A naga sharpshooter (Snake:1)
  24 orc knights
  A cyclops (Shoals:4)
  2 fauns (Shoals:2)
  22 orc warriors
  4 moths of wrath
  A vault sentinel (Vaults:5)
  10 yaktaurs
  A tengu conjurer (Depths:1)
  A merfolk (Shoals:4)
  A naga (Snake:4)
  11 orc wizards
  A boggart (Vaults:1)
  13 orc priests
  76 orcs
  2 fungi (Lair:6)
  13 plants
  4 tentacles (Shoals:4)
213 creatures vanquished.

Grand Total: 2611 creatures vanquished

Notes
Turn   | Place    | Note
-------+----------+-------------------------------------------
     0 | D:1      | rinny the Hill Orc Monk began the quest for the Orb.
     0 | D:1      | Reached XP level 1. HP: 19/19 MP: 1/1
   100 | D:1      | Reached XP level 2. HP: 8/27 MP: 2/2
   613 | D:1      | Reached skill level 1 in Armour
   994 | D:2      | Reached XP level 3. HP: 22/33 MP: 3/3
  1198 | D:2      | Reached skill level 5 in Axes
  1323 | D:2      | Reached XP level 4. HP: 34/40 MP: 4/4
  2315 | D:3      | Reached XP level 5. HP: 47/47 MP: 5/5
  2674 | D:4      | Reached skill level 6 in Axes
  2674 | D:4      | Reached skill level 1 in Shields
  2906 | D:4      | Noticed an ogre
  2915 | D:4      | Killed an ogre
  2915 | D:4      | Reached skill level 5 in Fighting
  2915 | D:4      | Reached XP level 6. HP: 56/56 MP: 6/6
  2994 | D:4      | Found a sand-covered staircase.
  3121 | D:4      | Reached skill level 7 in Axes
  3123 | D:4      | Became a worshipper of Beogh the Brigand
  3123 | D:4      | Reached * piety under Beogh
  3123 | D:4      | Reached ** piety under Beogh
  3240 | D:4      | Found a shadowy altar of Dithmenos.
  3306 | Ossuary  | Entered an ossuary
  3412 | Ossuary  | Reached XP level 7. HP: 53/61 MP: 7/7
  3692 | Ossuary  | Reached skill level 8 in Axes
  4213 | Ossuary  | Reached XP level 8. HP: 70/70 MP: 8/8
  4454 | D:5      | Entered Level 5 of the Dungeon
  4507 | D:5      | Reached skill level 9 in Axes
  4638 | D:5      | Noticed a wyvern
  4658 | D:5      | Killed a wyvern
  4880 | D:5      | Found a staircase to the Ecumenical Temple.
  4941 | D:5      | Got a scorched granite ring
  4943 | D:5      | Identified the ring of Lugonu's Wrath {Wiz rN+ Dex+2} (You
                  | found it on level 5 of the Dungeon)
  5010 | D:5      | Reached *** piety under Beogh
  5019 | D:5      | Reached skill level 5 in Armour
  5029 | D:5      | Got a jewelled plate armour
  5040 | D:5      | Identified the +11 plate armour of the Cockatrice {*Contam
                  | MP+9 Str+4} (You found it on level 5 of the Dungeon)
  5200 | D:5      | Found a snail-covered altar of Cheibriados.
  5471 | D:6      | Reached skill level 10 in Axes
  5732 | D:6      | Reached XP level 9. HP: 79/79 MP: 9/9
  5814 | D:6      | Reached skill level 5 in Shields
  5835 | D:6      | Found a sparkling altar of Nemelex Xobeh.
  6069 | D:6      | Found an ancient bone altar of Kikubaaqudgha.
  6072 | D:6      | Found a shadowy altar of Dithmenos.
  6075 | D:6      | Found a stormy altar of Qazlal.
  6078 | D:6      | Found an ornate altar of the Wu Jian Council.
  6395 | D:7      | Reached skill level 11 in Axes
  6590 | D:7      | Found Keyl's Assorted Antiques.
  6700 | D:7      | Got a warped robe
  6705 | D:7      | Identified the +1 robe "Zudaucia" {-Cast rPois Str+7} (You
                  | found it on level 7 of the Dungeon)
  6861 | D:7      | Got a translucent leather armour
  7065 | D:7      | Identified the +3 leather armour of Past Mistakes {-Tele
                  | rC++ Dex+4} (You found it on level 7 of the Dungeon)
  7075 | D:7      | Reached **** piety under Beogh
  7531 | D:8      | Reached XP level 10. HP: 88/88 MP: 10/10
  7634 | D:8      | Reached skill level 12 in Axes
  8313 | D:9      | Gained Gorbash as an ally
  8320 | D:9      | Found a deep blue altar of Sif Muna.
  9169 | D:9      | Found a staircase to the Lair.
  9269 | D:9      | Identified the Almanac of Assistive Flight
  9597 | D:10     | Entered Level 10 of the Dungeon
  9715 | D:10     | Reached skill level 13 in Axes
  9727 | D:10     | Found Oddel's Weapon Shop.
  9729 | D:10     | Found a staircase to the Orcish Mines.
  9734 | D:10     | Found Sobbygum's Armour Shop.
 10425 | D:10     | Found Efyri's Weapon Emporium.
 10453 | D:10     | Gained Bolgrim as an ally
 10831 | D:11     | Reached ***** piety under Beogh
 10831 | D:11     | Reached XP level 11. HP: 97/97 MP: 11/11
 11175 | D:12     | Noticed a deep elf mage
 11182 | D:12     | Your ally Bolgrim died
 11189 | D:12     | Killed a deep elf mage
 11628 | D:12     | Noticed a green ugly thing
 11638 | D:12     | Killed a green ugly thing
 11638 | D:12     | Reached skill level 14 in Axes
 11890 | D:12     | Reached skill level 10 in Fighting
 12050 | D:12     | Noticed a white ugly thing
 12060 | D:12     | Killed a white ugly thing
 12612 | D:13     | Found a basalt altar of Yredelemnul.
 12622 | D:13     | Found a flagged portal.
 12636 | Bailey   | Entered a bailey
 12674 | Bailey   | Found an iron altar of Okawaru.
 12860 | Bailey   | Noticed an orc knight
 13011 | Bailey   | Gained Nordag as an ally
 13017 | Bailey   | Your ally Nordag died
 13370 | Bailey   | Got a brightly glowing ring mail
 13392 | Bailey   | Got an ichor-stained shortbow
 13393 | Bailey   | Identified the +4 shortbow "Ythreal" {venom, SInv} (You
                  | acquired it in a bailey)
 13485 | D:13     | Noticed a catoblepas
 13490 | D:13     | Killed a catoblepas
 14471 | D:13     | Killed an unseen horror
 14471 | D:13     | Reached skill level 15 in Axes
 14540 | D:13     | Noticed Sonja
 14544 | D:13     | Killed Sonja
 14868 | D:13     | Identified the +5 ring mail of the Eternal Void {rCorr
                  | Str+4 Dex-4} (You found it in a bailey)
 15195 | D:14     | Noticed a centaur warrior
 15195 | D:14     | Noticed an eight-headed hydra
 15223 | D:13     | Reached XP level 12. HP: 57/108 MP: 12/12
 15225 | D:13     | Gained Learuk as an ally
 15645 | Orc:1    | Entered Level 1 of the Orcish Mines
 15701 | Orc:1    | Gained Brunolf as an ally
 15823 | Orc:1    | Found a radiant altar of Vehumet.
 15896 | Orc:1    | Noticed Josephine
 15901 | Orc:1    | Gained Arbolt as an ally
 15904 | Orc:1    | Killed Josephine
 16239 | Orc:2    | Entered Level 2 of the Orcish Mines
 16239 | Orc:2    | Noticed a two-headed ogre
 16246 | Orc:2    | Killed a two-headed ogre
 16291 | Orc:2    | Gained Arbolt as an ally
 16478 | Orc:2    | Reached skill level 16 in Axes
 16654 | Orc:2    | Noticed an orc high priest
 16659 | Orc:2    | Killed an orc high priest
 16671 | Orc:2    | Found a roughly hewn altar of Beogh.
 16701 | Orc:2    | Noticed a two-headed ogre
 16721 | Orc:2    | Noticed a sun demon
 16722 | Orc:2    | Killed a two-headed ogre
 16722 | Orc:2    | Reached skill level 10 in Armour
 16972 | Orc:2    | Found Ruadeok's Book Emporium.
 16988 | Orc:2    | Found Zaynor's Distillery.
 16989 | Orc:2    | Noticed an orc high priest
 16992 | Orc:2    | Killed an orc high priest
 17000 | Orc:2    | Bought a potion of berserk rage for 55 gold pieces
 17024 | Orc:2    | Reached ****** piety under Beogh
 17289 | Orc:2    | Reached skill level 10 in Shields
 17683 | Lair:1   | Entered Level 1 of the Lair of Beasts
 17771 | Lair:1   | Found a runed gate.
 17771 | Lair:1   | Found a runed gate.
 17771 | Lair:1   | Noticed Qiytyrch's ghost (journeyman GnFi)
 17776 | Lair:1   | Found a runed gate.
 18606 | Lair:1   | Reached XP level 13. HP: 117/117 MP: 13/13
 18609 | Lair:1   | Killed Qiytyrch's ghost
 18609 | Lair:1   | Reached skill level 17 in Axes
 18773 | Lair:2   | Your ally Arbolt died
 18789 | Lair:2   | Killed Prince Ribbit
 18810 | Lair:2   | Gained Orik as an ally
 18840 | Lair:2   | Noticed Erica
 18857 | Lair:2   | Killed Erica
 19124 | Lair:2   | You fall through a shaft!
 19133 | Lair:3   | Gained Koronagh as an ally
 19319 | Lair:3   | Gained Morbeogh as an ally
 19922 | Lair:4   | Reached skill level 18 in Axes
 19991 | Lair:4   | Gained Boghold as an ally
 20000 | Lair:4   | Found a staircase to the Snake Pit.
 20370 | Lair:4   | Gained Hilgar as an ally
 20907 | Lair:5   | Found a dark tunnel.
 20916 | Volcano  | Entered a volcano
 20934 | Volcano  | Reached XP level 14. HP: 129/129 MP: 14/14
 21404 | Lair:5   | Found a staircase to the Slime Pits.
 21425 | Lair:6   | Entered Level 6 of the Lair of Beasts
 21446 | Lair:6   | Gained Bogrim as an ally
 21486 | Lair:6   | Gained Norbak as an ally
 21512 | Lair:6   | Found a runed gate.
 21513 | Lair:6   | Found a runed gate.
 21514 | Lair:6   | Found a runed gate.
 21514 | Lair:6   | Noticed P0WERM0DE's ghost (journeyman DDFi)
 21532 | Lair:6   | Gained Koronagh as an ally
 21594 | Lair:6   | Reached skill level 19 in Axes
 22457 | Lair:6   | Killed P0WERM0DE's ghost
 22941 | D:14     | Noticed Snorg
 22953 | D:14     | Killed Snorg
 23732 | D:14     | Found a gate to the Vaults.
 23772 | D:15     | Entered Level 15 of the Dungeon
 23815 | D:15     | Reached skill level 20 in Axes
 23815 | D:15     | Reached XP level 15. HP: 136/138 MP: 15/15
 23922 | D:15     | Found Ytiwyu Tuse's Book Emporium.
 23950 | D:15     | Gained Margrim as an ally
 24624 | D:15     | Found a staircase to the Depths.
 24782 | D:15     | Found an ancient bone altar of Kikubaaqudgha.
 25006 | D:15     | Found a stormy altar of Qazlal.
 25266 | D:7      | Bought a crude platinum ring for 165 gold pieces
 25266 | D:7      | Identified the ring of the Establishment {*Tele Str+6 Int+6
                  | Slay-4} (You bought it in a shop on level 7 of the Dungeon)
 25347 | D:10     | Bought the +1 pair of boots of the Untouchables {rC+ Int+2}
                  | for 277 gold pieces
 25519 | Lair:2   | Found a transporter.
 25520 | Lair:2   | Noticed Otyuwk's ghost (journeyman DECj)
 25523 | Lair:2   | Found a transporter.
 25629 | Lair:2   | Killed Otyuwk's ghost
 25992 | Lair:2   | Found a staircase to the Shoals.
 26139 | Shoals:1 | Entered Level 1 of the Shoals
 26529 | Shoals:1 | Your ally Norbak died
 26722 | Shoals:1 | Found Ytzar's Food Shoppe.
 27468 | Shoals:2 | Reached skill level 21 in Axes
 27479 | Shoals:2 | Identified Roxanne's Grimoire of Transmigration
 27479 | Shoals:2 | Noticed Roxanne
 27483 | Shoals:2 | Noticed Frances
 27496 | Shoals:2 | Killed Frances
 27497 | Shoals:2 | Killed Roxanne
 27549 | Shoals:2 | Noticed Nikola
 27570 | Shoals:2 | Killed Nikola
 27855 | Shoals:2 | Reached skill level 15 in Fighting
 27943 | Shoals:2 | Reached XP level 16. HP: 82/149 MP: 16/16
 28269 | Shoals:2 | Found Rukk's Mass Market.
 28759 | Shoals:3 | Gained Korbok as an ally
 29217 | Shoals:3 | Your ally Morbeogh died
 30814 | Shoals:4 | Entered Level 4 of the Shoals
 30819 | Shoals:4 | Gained Herok as an ally
 31220 | Shoals:4 | Noticed a kraken
 31231 | Shoals:4 | Killed a kraken
 31388 | Shoals:4 | Reached skill level 22 in Axes
 31394 | Shoals:4 | Noticed Ilsuiw
 31396 | Shoals:4 | Gained Jorge as an ally
 31398 | Shoals:4 | Your ally Gorbash died
 31398 | Shoals:4 | Your ally Bogrim died
 31427 | Shoals:4 | HP: 6/149 [merfolk aquamancer/torrent of water (16)]
 32640 | Shoals:4 | HP: 4/150 [merfolk aquamancer/torrent of water (23)]
 32646 | Shoals:4 | Your ally Korbok died
 32657 | Shoals:4 | Your ally Koronagh died
 32660 | Shoals:4 | Your ally Boghold died
 33580 | Shoals:4 | Your ally Herok died
 33596 | Shoals:4 | Got a barnacled rune of Zot
 33803 | Shoals:4 | Killed Ilsuiw
 34590 | Vaults:1 | Entered Level 1 of the Vaults
 34605 | Vaults:1 | Reached XP level 17. HP: 158/158 MP: 17/17
 35062 | Vaults:1 | Your ally Margrim died
 35727 | Vaults:1 | Gained Learuk as an ally
 35735 | Vaults:1 | Reached skill level 23 in Axes
 36116 | Vaults:1 | Found Curraitu's Food Emporium.
 36478 | Vaults:1 | Reached skill level 15 in Armour
 36624 | Vaults:2 | Your ally Learuk died
 36662 | Vaults:2 | You fall through a shaft for 2 floors!
 36662 | Vaults:4 | Noticed a lich
 36666 | Vaults:4 | Killed a lich
 36707 | Vaults:4 | Reached skill level 15 in Shields
 37328 | Vaults:4 | Reached XP level 18. HP: 168/168 MP: 18/18
 37787 | Vaults:4 | Reached skill level 24 in Axes
 39475 | Vaults:3 | Found a large runed door.
 39475 | Vaults:3 | Found a large runed door.
 39475 | Vaults:3 | Noticed btonasse's ghost (adept KoSu)
 39632 | Vaults:3 | Your ally Norbak died
 40193 | Vaults:3 | Noticed Margery
 40198 | Vaults:3 | Killed Margery
 40572 | Vaults:3 | Gained Olfik as an ally
 40956 | Vaults:3 | Reached XP level 19. HP: 178/178 MP: 19/19
 41012 | Vaults:3 | Reached skill level 25 in Axes
 42553 | Vaults:3 | Found a staircase to the Crypt.
 42611 | Vaults:3 | Noticed Xtahua
 42612 | Vaults:3 | Your ally Olfik died
 42616 | Vaults:3 | Killed Xtahua
 42942 | Vaults:3 | Your ally Arbolt died
 43582 | Vaults:2 | Noticed Asterion
 43587 | Vaults:2 | Gained mutation: You occasionally shout uncontrollably at
                  | your foes. [a cacodemon]
 43594 | Vaults:2 | Killed Asterion
 46522 | Snake:1  | Entered Level 1 of the Snake Pit
 46543 | Snake:1  | Reached XP level 20. HP: 175/189 MP: 20/20
 46672 | Snake:1  | Reached skill level 26 in Axes
 47024 | Snake:1  | Found Xuumm's Distillery.
 47032 | Snake:1  | Bought a potion of might for 68 gold pieces
 47032 | Snake:1  | Bought a potion of heal wounds for 85 gold pieces
 47050 | Snake:1  | Gained Korbok as an ally
 47640 | Snake:1  | Found Muocvuc's Gadget Shop.
 47641 | Snake:1  | Found Cocip's Jewellery Emporium.
 47642 | Snake:1  | Found Nuilotom's Gadget Shop.
 47650 | Snake:1  | Bought the ring "Meafoluf" {rCorr MR+} for 619 gold pieces
 48755 | Snake:2  | Noticed Azrael
 48774 | Snake:2  | Killed Azrael
 49823 | Snake:3  | Found a runed gate.
 49823 | Snake:3  | Found a runed gate.
 49823 | Snake:3  | Found a runed gate.
 49823 | Snake:3  | Noticed HereIgoKillingAgain's ghost (journeyman HOFi)
 50933 | Snake:4  | Entered Level 4 of the Snake Pit
 50983 | Snake:4  | Got a scorched hand axe
 50984 | Snake:4  | Identified the +9 hand axe "Anush" {flame, rElec rPois MR+
                  | Str-3} (You found it on level 4 of the Snake Pit)
 51035 | Snake:4  | Found a bloodstained altar of Trog.
 51143 | Snake:4  | Gained Olfrun as an ally
 51850 | Snake:4  | Your ally Olfrun died
 52619 | Snake:4  | Reached skill level 27 in Axes
 52619 | Snake:4  | Reached XP level 21. HP: 193/198 MP: 21/21
 52685 | Snake:4  | Got a serpentine rune of Zot
 53002 | Snake:1  | Bought an uncursed ring of protection from fire for 475
                  | gold pieces
 53407 | Depths:1 | Entered Level 1 of the Depths
 53407 | Depths:1 | Found a gateway to Hell.
 54160 | Depths:2 | Got a translucent silver ring
 54187 | Depths:2 | Got a scorched glaive
 54188 | Depths:2 | Identified the +5 glaive of Freehold {chop, Fragile rPois
                  | rN+ Dex+4} (You found it on level 2 of the Depths)
 54189 | Depths:2 | Identified the ring of Surprise {+Fly rElec rPois} (You
                  | found it on level 2 of the Depths)
 54245 | Depths:2 | Noticed Sojobo
 54250 | Depths:2 | Your ally Olfik died
 54254 | Depths:2 | Killed Sojobo
 54266 | Depths:2 | Gained Berold as an ally
 54575 | Depths:2 | Noticed Saint Roka
 54575 | Depths:2 | Identified the ring of Sain {rElec rC- Slay+5 SInv}
 54588 | Depths:2 | Your ally died
 55015 | Depths:2 | Got a polished hand axe
 55016 | Depths:2 | Identified the +6 hand axe of Indomitability {drain, MR+
                  | Stlth+} (You found it on level 2 of the Depths)
 55032 | Depths:2 | Found a gateway to a ziggurat.
 55046 | Depths:2 | Paralysed by a floating eye for 3 turns
 55662 | Depths:2 | Got a spiked ring mail
 55701 | Depths:2 | Found a sparkling altar of Nemelex Xobeh.
 55749 | Depths:2 | Got a shimmering granite ring
 55809 | Depths:2 | Found a snail-covered altar of Cheibriados.
 55929 | Depths:2 | Identified the +5 ring mail of Surprise {rPois} (You found
                  | it on level 2 of the Depths)
 56028 | Depths:2 | Found a deep blue altar of Sif Muna.
 57071 | Depths:3 | Gained Gorbash as an ally
 57374 | Depths:3 | Found a one-way gate leading to the halls of Pandemonium.
 57403 | Depths:3 | Reached XP level 22. HP: 178/211 MP: 22/22
 57467 | Depths:3 | Identified the ring of Rugg {+Fly rF+++ MR- Str-5 Int+5}
                  | (You found it on level 2 of the Depths)
 57729 | Depths:3 | Noticed a caustic shrike
 57731 | Depths:3 | Noticed a juggernaut
 57741 | Depths:3 | Killed a caustic shrike
 57811 | Depths:3 | Your ally Korbok died
 57813 | Depths:3 | Your ally Gorbash died
 57870 | Depths:3 | Killed a juggernaut
 58447 | Depths:3 | Noticed a caustic shrike
 58450 | Depths:3 | Noticed a golden dragon
 58816 | Depths:1 | Found Vitem's Changing Room.
 58867 | Depths:1 | Gained Orkrul as an ally
 59236 | Depths:1 | Bought the +11 plutonium sword {*Contam Stlth-} for 1700
                  | gold pieces
 59236 | Depths:1 | Found the +11 plutonium sword {*Contam Stlth-}
 59771 | Depths:1 | Found a one-way gate to the infinite horrors of the Abyss.
 60536 | Orc:2    | Bought a potion of curing for 33 gold pieces
 60536 | Orc:2    | Bought 2 potions of heal wounds for 110 gold pieces
 60536 | Orc:2    | Bought a potion of resistance for 110 gold pieces
 60536 | Orc:2    | Bought a potion of heal wounds for 55 gold pieces
 60536 | Orc:2    | Bought a potion of curing for 33 gold pieces
 60813 | Vaults:5 | Entered Level 5 of the Vaults
 60897 | Vaults:5 | Your ally Jorge died
 60903 | Vaults:5 | Gained Wulfoc as an ally
 60908 | Vaults:5 | Gained Argrim as an ally
 60909 | Vaults:5 | Your ally Berold died
 61334 | Vaults:5 | Noticed a golden dragon
 61345 | Vaults:5 | Killed a golden dragon
 61370 | Vaults:5 | Your ally Orkrul died
 61376 | Vaults:5 | Your ally Learuk died
 61378 | Vaults:5 | Killed a golden dragon
 61380 | Vaults:5 | Reached XP level 23. HP: 115/221 MP: 23/23
 61415 | Vaults:5 | Your ally Argrim died
 61804 | Vaults:5 | Gained mutation: You are agile. (Dex +2) [a neqoxec]
 62190 | Vaults:5 | Noticed an ancient lich
 62197 | Vaults:5 | Killed an ancient lich
 62369 | Vaults:5 | Got a silver rune of Zot
 62376 | Vaults:5 | Your ally Olfrun died
 62431 | Vaults:5 | Identified the Guide on Mutagenic Feathers
 62740 | Vaults:5 | Noticed a golden dragon
 62744 | Vaults:5 | Killed a golden dragon
 62745 | Vaults:5 | Identified the +3 scale mail "Rikkoim" {+Blink rCorr Dex-5}
 63345 | Snake:1  | Bought a potion of agility for 68 gold pieces
 63345 | Snake:1  | Bought 2 potions of resistance for 340 gold pieces
 63938 | Orc:2    | Bought a potion of cancellation for 88 gold pieces
 63938 | Orc:2    | Bought a potion of invisibility for 88 gold pieces
 64719 | Depths:4 | Noticed a golden dragon
 64731 | Depths:4 | Killed a golden dragon
 64937 | Depths:4 | Noticed a golden dragon
 64948 | Depths:4 | Killed a golden dragon
 65716 | Depths:5 | Entered Level 5 of the Depths
 65741 | Depths:5 | Reached XP level 24. HP: 202/233 MP: 23/23
 66480 | Depths:5 | Found a runed door.
 66483 | Depths:5 | Found a runed door.
 66503 | Depths:5 | Gained Olfik as an ally
 66515 | Depths:5 | Your ally Wulfoc died
 66524 | Depths:5 | Found a runed door.
 66524 | Depths:5 | Found a runed door.
 66786 | Depths:5 | Found a runed door.
 66812 | Depths:5 | Found a runed door.
 66956 | Depths:5 | Found a gate to the Realm of Zot.
 67292 | Zot:1    | Entered Level 1 of the Realm of Zot
 68930 | Zot:2    | Your ally Brunolf died
 69205 | Zot:2    | Noticed an orb of fire
 69216 | Zot:2    | Your ally Hilgar died
 69219 | Zot:2    | Killed an orb of fire
 69804 | Zot:2    | Reached XP level 25. HP: 204/245 MP: 23/23
 70034 | Zot:2    | Got a smoking lead amulet
 70035 | Zot:2    | Identified the amulet of Vuixt {Harm *Drain +Inv Int-2
                  | Dex+4} (You acquired it on level 2 of the Realm of Zot)
 71099 | Zot:3    | Noticed an orb of fire
 71099 | Zot:3    | Gained mutation: Your body sometimes deteriorates upon
                  | taking damage. [an orb of fire]
 71103 | Zot:3    | Killed an orb of fire
 71793 | Zot:4    | Noticed an orb of fire
 71804 | Zot:4    | Gained mutation: Your spells are a little easier to cast,
                  | but a little less powerful. [an orb of fire]
 71807 | Zot:4    | Killed an orb of fire
 72331 | Zot:4    | Your ally Wulfoc died
 72363 | Zot:4    | Your ally Berold died
 73171 | Zot:5    | Entered Level 5 of the Realm of Zot
 73543 | Zot:5    | Your ally Wulfoc died
 73543 | Zot:5    | Reached XP level 26. HP: 249/257 MP: 23/23
 73550 | Zot:5    | Noticed an ancient lich
 73560 | Zot:5    | Noticed an orb of fire
 73560 | Zot:5    | Your ally Koronagh died
 73561 | Zot:5    | Noticed an orb of fire
 73561 | Zot:5    | Your ally Olfrun died
 73562 | Zot:5    | Noticed an orb of fire
 73562 | Zot:5    | Noticed an orb of fire
 73563 | Zot:5    | Killed an ancient lich
 73565 | Zot:5    | Noticed an orb of fire
 73565 | Zot:5    | Noticed an orb of fire
 73565 | Zot:5    | Noticed an ancient lich
 73567 | Zot:5    | Gained mutation: You are weak. (Str -2) [an orb of fire]
 73567 | Zot:5    | Gained mutation: You are frail. (-10% HP) [an orb of fire]
 73572 | Zot:5    | Your ally Olfik died
 73575 | Zot:5    | Your ally Orik died
 73575 | Zot:5    | Gained mutation: Armour fits poorly on your strangely
                  | shaped body. [an orb of fire]
 73578 | Zot:5    | Gained mutation: You are very weak. (Str -4) [an orb of
                  | fire]
 73728 | Zot:5    | Gained mutation: Scrolls take you a little longer to read.
                  | [an orb of fire]
 73734 | Zot:5    | Noticed an ancient lich
 73746 | Zot:5    | Gained mutation: You tend to lose your temper in combat.
                  | [an orb of fire]
 73753 | Zot:5    | Killed an ancient lich
 73764 | Zot:5    | Gained mutation: Your magical capacity is low. (-10% MP)
                  | [an orb of fire]
 73765 | Zot:5    | Gained mutation: Scrolls take you longer to read. [an orb
                  | of fire]
 73769 | Zot:5    | Gained mutation: Scrolls take you much longer to read. [an
                  | orb of fire]
 73770 | Zot:5    | HP: 10/232 [orb of fire/bolt of fire (13)]
 73775 | Zot:4    | HP: 3/232 [orb of fire/fireball (5)]
 73775 | Zot:4    | Killed from afar by an orb of fire

Vault maps used:
D:1:      psy_arrival_fountain, chequers_arboretum, minmay_hexomino_f4
D:2:      minmay_skewed_foursquare
D:3:      first_ration
D:4:      enter_ossuary_1, grunt_dithmenos_shadows
D:5:      minmay_temple_entry_waves, cheibrodos_worm_habitat
D:6:      old_standard_altar, grunt_temple_overflow_cloverleaf, st_stairs_9
D:7:      serial_shops, nicolae_shop_window_shopping, minmay_quadrilaterals
D:9:      led_sif_book, erik_lair_orcish_takeover
D:10:     orc_david_3, serial_shops, kennysheep_mini
D:13:     enter_bailey_3, david_nohive_1, kennysheep_minor_cross,
          yredelemnul_altar_generic, uniq_sonja
D:14:     david_vaults_1, hangedman_decor_clover_reticule, uniq_snorg
D:15:     gammafunk_enter_depths_forms, serial_shops, shop,
          hangedman_decor_push, basic_altar, palyth_stone_intersect,
          nicolae_qazlal_general_emergency
Lair:1:   gammafunk_ghost_split, minivault_24, grunt_megastairs_2,
          infiniplex_staircase_pool_2
Lair:2:   beast_lair_carwin_large_3, minmay_shoals_entry_lonely_mermaid,
          gammafunk_ghost_arena, st_stairs_4, minivault_24, hibernation_bobbens,
          uniq_erica, uniq_prince_ribbit2
Lair:3:   lemuel_fruit_tree
Lair:4:   minmay_snake_entry_guardpost_small, minmay_lindwurm_lava
Lair:5:   minmay_slime_entry_oklob_open, enter_volcano_3, serial_bayou_shore_a
Lair:6:   minmay_lair_end_enchanted_forest, gammafunk_ghost_split
Shoals:1: serial_shops, nicolae_shop_behind_doors
Shoals:2: minmay_shop_mass, uniq_nikola, uniq_frances, uniq_roxanne
Shoals:3: nicolae_shoals_aquamancer_cove
Shoals:4: shoals_end_grunt_ice, shoals_ilsuiw_alternative, overgrown_hall
Snake:1:  serial_shops, shop, minmay_shop_grove
Snake:2:  uniq_azrael
Snake:3:  ebering_ghost_rock_garden
Snake:4:  minmay_snake_end_coiled, basic_altar, serial_bayou_crossing,
          grunt_megastairs_3
Orc:1:    basic_altar, uniq_josephine
Orc:2:    pubby_orc_utopia
Vaults:1: v_misc_17, nicolae_vaults_yaktaur_gun_rack, st_smaller_cells,
          vaults_room_grunt_arrival_ludios, v_misc_8, ontoclasm_vaults_shuriken,
          serial_shops, shop
Vaults:2: hangedman_vaults_pinch, hangedman_vaults_snaps,
          nicolae_vaults_quadrants, ontoclasm_vaults_spin, v_misc_28,
          vaults_room_large_hall, nicolae_vaults_sealed_display, v_misc_14,
          v_misc_29, vaults_dpeg_diagonal, uniq_asterion
Vaults:3: advil_vaults_ghost_guards, v_rooms_1, v_misc_12, v_misc_8,
          vaults_dpeg_encased_lava, vaults_room_corners,
          nicolae_vaults_rhombus_7, vaults_mumra_bighexcomb, v_misc_13,
          hangedman_vaults_impose, nicolae_vaults_network_star, v_misc_15,
          nicolae_vaults_network_barrier, vaults_room_boxed, vaults_room_pool,
          vaults_room_pools, vaults_dpeg_hooks, minmay_crypt_entry_simple_plaza,
          uniq_xtahua, uniq_margery
Vaults:4: hangedman_vaults_nails, vaults_room_ringed_pool,
          hangedman_vaults_impose, v_misc_5, v_rooms_2,
          ontoclasm_vaults_gateway, hangedman_vaults_river_flow,
          ontoclasm_vaults_tryst, hangedman_vaults_capsules, v_pattern_5,
          vaults_room_stairs_pillars
Vaults:5: uniq_saint_roka
Depths:1: solitary_fountain, abyss_entry_crystal, hell_entry,
          nicolae_transmutations_shop, hangedman_stitches_earthworm,
          serial_bayou_shore_b, grunt_megastairs_1
Depths:2: hangedman_spin_cycle, hell_entry
Depths:3: minmay_expanding_circles, grunt_pan_entry_spiral,
          small_statue_intersection, hell_entry, minmay_door_square,
          minmay_staircase_statues_hall_large
Depths:4: minmay_three_patterns, hell_entry, abyss_entry,
          minmay_misc_feat_cross, minmay_staircase_statues
Depths:5: evilmike_zot_entry_castle, hell_entry, rand_demon_pan_entry_9,
          abyss_entry_small_statue_room, uniq_sojobo
Zot:2:    lemuel_lake_of_fire
Zot:3:    st_stairs_4
Zot:4:    lemuel_halls_of_wrath
Zot:5:    grunt_ministairs_3
Ossuary:  ossuary_minmay_scorpions
Bailey:   bailey_axe_of_yendor_kennysheep, bailey
Volcano:  volcano_pools

Skill      XL: |  1  2  3  4  5  6  7  8  9 10 11 12 13 14 15 16 17 18 19 20 21 22 23 24 25 26 |
---------------+-------------------------------------------------------------------------------+-----
Armour         | 1 2 3 4 5 6 8 9 10 11 12 13 14 15 16 17 18 19 20 21 23 | 23.2
Fighting       | 4 5 6 7 8 9 10 11 13 14 15 16 17 18 19 20 21 22 23 24 25 | 25.1
Axes           | 5 6 7 8 10 11 13 15 16 18 20 21 22 23 24 25 27 | 27.0
Shields        | 1 2 3 4 6 7 9 10 11 12 13 14 15 16 17 18 19 20 21 22 23 | 23.2
Dodging        | |  2.4
Stealth        | |  1.5

Action                   |  1- 3 |  4- 6 |  7- 9 | 10-12 | 13-15 | 16-18 | 19-21 | 22-24 | 25-27 || total
-------------------------+-------+-------+-------+-------+-------+-------+-------+-------+-------++-------
Melee: Hand axe          |   139 |   301 |   581 |    63 |       |       |       |       |       ||  1084
       Battleaxe         |       |       |       |   471 |   629 |   733 |    72 |       |       ||  1905
       Scimitar          |       |       |       |       |    24 |       |       |       |       ||    24
       Broad axe         |       |       |       |       |       |       |  1189 |   801 |   379 ||  2369
Throw: Throwing net      |       |       |       |       |       |     2 |       |       |       ||     2
Invok: Convert to Beogh  |       |     1 |       |       |       |       |       |       |       ||     1
       Recall Orcish Fol |       |       |     1 |    13 |    13 |    17 |     9 |    21 |     8 ||    82
       Smiting           |       |       |       |     3 |       |       |       |       |       ||     3
       Resurrection      |       |       |       |       |     1 |     2 |     4 |     3 |     1 ||    11
       Give Item to Name |       |       |       |       |       |     3 |     4 |     1 |     1 ||     9
Evoke: Wand              |       |       |       |     2 |       |     2 |       |       |       ||     4
  Use: Scroll            |     1 |     4 |    14 |    23 |    15 |    21 |    21 |    12 |    14 ||   125
       Potion            |       |     2 |    10 |     2 |     4 |    14 |     3 |    15 |     3 ||    53
 Stab: Sleeping          |     1 |       |     1 |       |       |       |       |       |       ||     2
       Distracted        |       |       |     2 |     4 |     7 |    12 |    13 |     9 |    10 ||    57
       Paralysed         |       |       |       |     1 |     1 |       |       |       |       ||     2
  Eat: Chunk             |     1 |     4 |     3 |    10 |     8 |     4 |     4 |     7 |     3 ||    44
       Ration            |       |     1 |     3 |     8 |     7 |    10 |    14 |    10 |     3 ||    56
Armor: Ring mail         |    58 |   141 |    97 |       |       |       |       |       |       ||   296
       Plate armour      |       |       |   168 |   381 |   629 |   560 |   431 |   341 |   184 ||  2694
Dodge: Dodged            |    84 |   150 |   190 |   192 |   263 |   265 |   177 |   142 |    88 ||  1551
Block: Buckler           |       |    31 |   119 |     7 |       |       |       |       |       ||   157
       Other             |       |       |       |       |     4 |    41 |     5 |       |       ||    50
       Reflection        |       |       |       |       |     2 |     8 |   102 |    64 |     9 ||   185
       Shield            |       |       |       |       |       |       |   962 |   730 |   359 ||  2051
       Rpst.: Scimitar   |       |       |       |       |     3 |       |       |       |       ||     3

Table legend:
 A = Non-vault XP
 B = Vault XP
 C = Vault XP percentage of total XP
 D = Non-vault monster count
 E = Vault monster count
 F = Vault count percentage of total count
                 A         B        C        D         E       F
            +---------+---------+-------+---------+---------+-------
      Total |  630121 |  513192 |  44.9 |    1351 |     839 |  38.3
            +---------+---------+-------+---------+---------+-------
        D:1 |      29 |       3 |   9.4 |      17 |       3 |  15.0
        D:2 |      79 |       8 |   9.2 |      26 |       5 |  16.1
        D:3 |      71 |       0 |   0.0 |      33 |       0 |   0.0
        D:4 |     329 |      11 |   3.2 |      14 |       1 |   6.7
        D:5 |     635 |       5 |   0.8 |      19 |       1 |   5.0
        D:6 |     821 |     240 |  22.6 |      21 |       3 |  12.5
        D:7 |    1187 |     230 |  16.2 |      23 |       6 |  20.7
        D:8 |     498 |       0 |   0.0 |      13 |       0 |   0.0
        D:9 |     889 |     414 |  31.8 |      17 |       5 |  22.7
       D:10 |    2112 |     238 |  10.1 |      27 |       2 |   6.9
       D:11 |     686 |       0 |   0.0 |      14 |       0 |   0.0
       D:12 |    2723 |       0 |   0.0 |      21 |       0 |   0.0
       D:13 |    4055 |    1462 |  26.5 |      17 |      19 |  52.8
       D:14 |    7430 |    1757 |  19.1 |      32 |       4 |  11.1
       D:15 |    7471 |    2914 |  28.1 |      28 |       8 |  22.2
     Lair:1 |    1842 |    1276 |  40.9 |       8 |       7 |  46.7
     Lair:2 |    5490 |    5549 |  50.3 |      25 |      25 |  50.0
     Lair:3 |    5751 |       0 |   0.0 |      21 |       0 |   0.0
     Lair:4 |    4730 |    1795 |  27.5 |      24 |       8 |  25.0
     Lair:5 |    2789 |     274 |   8.9 |      12 |       2 |  14.3
     Lair:6 |    9200 |    9648 |  51.2 |      42 |      55 |  56.7
   Shoals:1 |   10678 |       0 |   0.0 |      25 |       0 |   0.0
   Shoals:2 |   12559 |    6709 |  34.8 |      38 |       3 |   7.3
   Shoals:3 |   12325 |    2293 |  15.7 |      32 |       4 |  11.1
   Shoals:4 |   16016 |   20099 |  55.7 |      45 |      38 |  45.8
    Snake:1 |   17714 |       0 |   0.0 |      35 |       0 |   0.0
    Snake:2 |    8022 |    2189 |  21.4 |      14 |       6 |  30.0
    Snake:3 |   18694 |       0 |   0.0 |      31 |       0 |   0.0
    Snake:4 |   23669 |   28223 |  54.4 |      41 |      53 |  56.4
      Orc:1 |    1040 |    1195 |  53.5 |      17 |       4 |  19.0
      Orc:2 |       0 |    7763 | 100.0 |       0 |      46 | 100.0
   Vaults:1 |   30928 |   10993 |  26.2 |      69 |      21 |  23.3
   Vaults:2 |   34712 |   13736 |  28.4 |      65 |      22 |  25.3
   Vaults:3 |   39658 |   37106 |  48.3 |      78 |      55 |  41.4
   Vaults:4 |   21329 |   25913 |  54.9 |      39 |      33 |  45.8
   Vaults:5 |   23710 |   88071 |  78.8 |      39 |      88 |  69.3
   Depths:1 |   32509 |    8095 |  19.9 |      61 |      17 |  21.8
   Depths:2 |     295 |   58015 |  99.5 |       2 |      69 |  97.2
   Depths:3 |   43393 |   26794 |  38.2 |      56 |      27 |  32.5
   Depths:4 |   31094 |   22931 |  42.4 |      43 |      13 |  23.2
   Depths:5 |   16943 |   38669 |  69.5 |      26 |      37 |  58.7
      Zot:1 |   35165 |       0 |   0.0 |      30 |       0 |   0.0
      Zot:2 |   41875 |    5073 |  10.8 |      37 |       1 |   2.6
      Zot:3 |   39248 |    4658 |  10.6 |      33 |       3 |   8.3
      Zot:4 |   44074 |   36093 |  45.0 |      33 |      55 |  62.5
      Zot:5 |   15654 |   36798 |  70.2 |       8 |      12 |  60.0
    Ossuary |       0 |     908 | 100.0 |       0 |      30 | 100.0
     Bailey |       0 |    1785 | 100.0 |       0 |      36 | 100.0
    Volcano |       0 |    3259 | 100.0 |       0 |      12 | 100.0
            +---------+---------+-------+---------+---------+-------
